 Dungeon Crawl Stone Soup version 0.27.1-3-gb3d3a73c9e (webtiles) character file.

Game seed: 1858748319525457675

51476 DearestLeader the Thaumaturge (level 14, -6/109 HPs)
             Began as a Gnoll Wanderer on Oct 13, 2021.
             Was the Champion of Cheibriados.
             Mangled by an orc warlord (15 damage)
             ... on level 2 of the Orcish Mines.
             The game lasted 00:52:28 (24190 turns).

DearestLeader the Thaumaturge (Gnoll Wanderer)     Turns: 24190, Time: 00:52:28

Health: -6/109     AC: 18    Str: 29    XL:     14   Next: 59%
Magic:  25/38      EV: 18    Int: 37    God:    Cheibriados [******]
Gold:   1611       SH:  8    Dex: 25    Spells: 16/36 levels left

rFire    + . .     SeeInvis .   D - +8 trident of the Octopus King {venom, rElec rPois Will+}
rCold    . . .     Faith    .   p - +0 buckler
rNeg     . . .     Spirit   .   J - +4 scale mail "Hani Soy" {rCorr MP+9 Slay+3}
rPois    +         Reflect  .   f - +0 helmet
rElec    +         Harm     .   b - +0 cloak
rCorr    +         Rampage  .   Q - +0 pair of gloves
Will     ++...                  N - +0 pair of boots
Stlth    ++++......             (no amulet)
HPRegen  0.28/turn              x - ring of protection from fire
MPRegen  0.26/turn              d - +6 ring of intelligence

@: about to teleport, very slow
A: fangs 1, strong nose, distributed training
a: Renounce Religion, Bend Time, Temporal Distortion, Slouch, Step From Time


You were on level 2 of the Orcish Mines.
You worshipped Cheibriados.
Cheibriados was exalted by your worship.
You visited 4 branches of the dungeon, and saw 19 of its levels.
You also visited: Bailey.

You collected 2495 gold pieces.
You spent 884 gold pieces at shops.

Inventory:

Hand Weapons
 D - the +8 trident of the Octopus King (weapon) {venom, rElec rPois Will+}
   (You bought it in a shop on level 8 of the Dungeon)

   It poisons the flesh of those it strikes.
   rElec:     It insulates you from electricity.
   rPois:     It protects you from poison.
   Will:      It increases your willpower.
 U - the +7 dagger "Xotau" {vamp, Str+6}
   (You took it off a gnoll shaman in a bailey)

   It occasionally heals its wielder for a portion of the damage dealt when it
   wounds a living foe.
   Str:       It affects your strength (+6).
Missiles
 h - 3 atropa-tipped darts (quivered)
 R - 9 throwing nets
Armour
 b - a +0 cloak (worn)
 f - a +0 helmet (worn)
 o - the +1 shadow dragon scales "Dozeseu" {SInv Stlth++++}
   (You found it in a bailey)

   SInv:      It lets you see invisible.
   Stlth:     It makes you much more stealthy.
 p - a +0 buckler (worn)
 J - the +4 scale mail "Hani Soy" (worn) {rCorr MP+9 Slay+3}
   (You found it on level 7 of the Dungeon)

   Slay:      It affects your accuracy & damage with ranged weapons and melee
   (+3).
   MP:        It affects your magic capacity (+9).
   rCorr:     It protects you from acid and corrosion.
 N - a +0 pair of boots (worn)
 Q - a +0 pair of gloves (worn)
Jewellery
 d - a +6 ring of intelligence (right hand)
 m - a ring of flight
 n - a ring of resist corrosion
 x - a ring of protection from fire (left hand)
 K - a +6 ring of strength
Wands
 q - a wand of flame (108)
 C - a wand of acid (16)
 H - a wand of digging (6)
 I - a wand of paralysis (15)
 O - a wand of iceblast (31)
 P - a wand of polymorph (9)
 W - a wand of mindburst (13)
Scrolls
 a - a scroll of brand weapon {unknown}
 c - 10 scrolls of teleportation
 e - 3 scrolls of blinking
 g - 2 scrolls of silence
 i - 6 scrolls of magic mapping
 j - 3 scrolls of fog
 k - 4 scrolls of fear
 l - 2 scrolls of summoning
 u - 2 scrolls of amnesia
 v - a scroll of holy word {unknown}
 y - a scroll of vulnerability {unknown}
 B - a scroll of immolation {unknown}
 E - 2 scrolls of enchant weapon
 M - 2 scrolls of acquirement {unknown}
 V - 2 scrolls of enchant armour {unknown}
Potions
 r - 11 potions of curing
 s - a potion of brilliance
 t - a potion of lignification {unknown}
 w - a potion of invisibility {unknown}
 z - 2 potions of cancellation {unknown}
 A - 2 potions of heal wounds
 F - 10 potions of ambrosia
 G - 3 potions of haste {unknown}
 L - 2 potions of resistance
 X - 4 potions of flight {unknown}
 Y - 3 potions of mutation {unknown}
 Z - a potion of might
Miscellaneous
 T - a box of beasts


   Skills:
 + Level 9.7 Fighting
 + Level 9.3 Short Blades
 + Level 9.3 Long Blades
 + Level 9.3 Axes
 + Level 9.7 Maces & Flails
 + Level 9.3 Polearms
 + Level 9.3 Staves
 + Level 9.3 Slings
 + Level 9.3 Bows
 + Level 9.3 Crossbows
 + Level 9.3 Throwing
 + Level 9.7 Armour
 + Level 9.3 Dodging
 + Level 10.2 Stealth
 + Level 9.3 Shields
 + Level 9.3 Unarmed Combat
 + Level 11.5 Spellcasting
 + Level 7.8 Conjurations
 + Level 7.8 Hexes
 + Level 7.8 Summonings
 + Level 7.8 Necromancy
 + Level 7.8 Translocations
 + Level 7.8 Transmutations
 + Level 7.8 Fire Magic
 + Level 7.8 Ice Magic
 + Level 7.8 Air Magic
 + Level 7.8 Earth Magic
 + Level 8.8 Poison Magic
 + Level 10.1 Invocations
 + Level 9.3 Evocations


You had 16 spell levels left.
You knew the following spells:

 Your Spells              Type           Power      Damage    Failure   Level
a - Sting                 Tmut/Pois      100%       1d8       1%          1
b - Mephitic Cloud        Conj/Pois/Air  69%        N/A       1%          3
c - Poisonous Vapours     Pois/Air       100%       N/A       1%          2
d - Olgreb's Toxic Radia  Pois           72%        N/A       1%          4
e - Animate Skeleton      Necr           100%       N/A       1%          1
f - Iskenderun's Mystic   Conj/Tloc      68%        2d14      1%          4
g - Summon Mana Viper     Hex/Summ       68%        N/A       3%          5

Your spell library contained the following spells:

 Spells                   Type           Power      Damage    Failure   Level
 Corona                   Hex            75%        N/A       1%          1
 Foxfire                  Conj/Fire      100%       2x1d9     1%          1
 Freeze                   Ice            100%       1d11      1%          1
 Pain                     Necr           100%       1d9       1%          1
 Shock                    Conj/Air       100%       1d9       1%          1
 Ensorcelled Hibernation  Hex/Ice        100%       N/A       1%          2
 Passwall                 Tmut/Erth      56%        N/A       1%          2
 Slow                     Hex            68%        N/A       1%          2
 Wereblood                Tmut           68%        N/A       1%          2
 Confusing Touch          Hex            68%        N/A       1%          3
 Conjure Flame            Conj/Fire      68%        6-21      1%          3
 Dazzling Flash           Conj/Hex       100%       N/A       1%          3
 Frozen Ramparts          Ice            100%       1d12      1%          3
 Inner Flame              Hex/Fire       68%        N/A       1%          3
 Summon Guardian Golem    Hex/Summ       68%        N/A       1%          3
 Swiftness                Air            68%        N/A       1%          3
 Tukima's Dance           Hex            68%        N/A       1%          3
 Vampiric Draining        Necr           34%        2d10      1%          3
 Airstrike                Air            34%        N/A       1%          4
 Cause Fear               Hex            34%        N/A       1%          4
 Hailstorm                Conj/Ice       68%        3d14      1%          4
 Summon Ice Beast         Ice/Summ       68%        N/A       1%          4
 Agony                    Necr           68%        N/A       3%          5
 Silence                  Hex/Air        34%        N/A       3%          5
 Yara's Violent Unravell  Hex/Tmut       34%        3d14      3%          5
 Starburst                Conj/Fire      34%        6d10      22%         6
 Monstrous Menagerie      Summ           34%        N/A       75%         7
 Orb of Destruction       Conj           34%        9d12      75%         7
 Spellforged Servitor     Conj/Summ      34%        N/A       75%         7
 Discord                  Hex            34%        N/A       100%        8


Dungeon Overview and Level Annotations

Branches:
Dungeon (10/15)            Temple (1/1) D:4            Lair (6/6) D:8
  Swamp (0/4) Lair:3       Spider (0/4) Lair:3        Slime (0/5) Lair:6
    Orc (2/2) D:10            Elf (0/3) Orc:2        Bailey (visited)

Altars:
Ashenzari
Cheibriados
Dithmenos
Elyvilon
Fedhas
Gozag
Hepliaklqana
Kikubaaqudgha
Makhleb
Nemelex Xobeh
Okawaru
Qazlal
Ru
Sif Muna
Trog
Uskayaw
Vehumet
Wu Jian
Xom
Yredelemnul
Zin
The Shining One

Shops:
D:5 *(   D:7 *   D:8 (


Innate Abilities, Weirdness & Mutations

You have very sharp teeth.
Your uncanny sense of smell can sniff out nearby items.
Your experience applies equally to all skills.


Message History

Reactivating autopickup.
You feel a bit more experienced.
The orc high priest mumbles some strange prayers to Beogh.
The orc knight roars a battlecry!
The orc sorcerer mumbles some strange words.
The orc knight roars a battlecry!
The orc priest looks encouraged for a moment.
The orc warrior barely misses you. The orc high priest closely misses you.
The orc knight roars a battlecry!
You hear a shout!
As you read the scroll of teleportation, it crumbles to dust.
You feel strangely unstable.
The orc warlord hits you but does no damage.
The orc warrior hits you but does no damage.
The orc knight roars a battlecry!
You block the orc high priest's attack.
The orc sorcerer gestures wildly while chanting.
You hear a shout! x2
You puncture the orc warlord!
The orc warlord is moderately wounded.
The orc warlord hits you with a +2 long sword of flaming!
The orc warlord burns you.
The orc wizard gestures wildly while chanting.
The orc wizard flickers and vanishes!
Deactivating autopickup; reactivate with Ctrl-A.
The orc high priest hits you with a +0 battleaxe!
The ice devil misses you.
Unknown command.
The orc knight looks more healthy.
The soul eater draws from the surrounding life force!
* * * LOW HITPOINT WARNING * * *
The orc priest calls upon Beogh to heal the orc high priest.
The orc high priest is healed somewhat.
The orc sorcerer gestures wildly while chanting.
The orc high priest invokes the aid of Beogh against you.
Pain shoots through your body!
* * * LOW HITPOINT WARNING * * *
The orc knight roars a battlecry!
The orc warlord hits you with a +2 long sword of flaming!
You die...

.##......### .......#....
..<......#.####..$....3..o
......#.....##.....)..)...
#...#####....##...$.o.)...
#..### #.........4..3o)o..
.....###.........o.o)oo{o.
......#.....#...)ooo4#
.##...#..#.#.....4o..#
.##.....#####...@o...#
.##........###..#.#..#
...........##....#####
.....##.....##..##
....#####...#####
#.....#......#
..........####
...........# ..##......##


You could see an orc warlord (strong, very poisoned), 3 orc knights, a soul
eater (summoned), 2 orc high priests, 2 ice devils, a ynoxinul (summoned), a
chaos spawn (summoned), 2 orc sorcerers and 4 orc warriors.

Vanquished Creatures
  Gastronok (D:8)
  A fire dragon (Lair:6)
  3 hydras
  2 death yaks (Lair:3)
  2 lindwurms (Lair:6)
  3 black mambas
  10 elephants
  5 cane toads
  7 torpor snails
  An unseen horror (D:10)
  7 komodo dragons
  7 rime drakes
  A demonic crawler (Lair:3)
  11 polar bears
  A queen bee (D:10)
  9 hornets
  2 trolls
  3 tyrant leeches (Lair:6)
  3 slime creatures (Lair:6)
  13 blink frogs
  A nameless horror (Lair:3)
  A raiju (Lair:6)
  Sigmund (D:2)
  A basilisk (Lair:3)
  3 wyverns
  A steam dragon (D:9)
  2 vampire mosquitoes (D:10)
  38 yaks
  4 wargs
  An acid dragon (D:10)
  11 hell hounds (Lair:6)
  9 orc warriors
  18 water moccasins
  13 black bears
  44 wolves
  3 necrophages
  10 ogres
  2 centaurs
  2 kobold brigands
  8 gnoll sergeants
  9 bullfrogs
  7 scorpions
  36 killer bees
  3 electric eels (D:8)
  3 howler monkeys
  6 wights
  10 hounds
  5 jellies
  12 orc priests
  A centaur skeleton (D:7)
  5 gnoll shamans (Bailey)
  Jessica (D:2)
  Terence (D:2)
  21 orc wizards
  8 adders
  21 gnolls
  2 ufetubi
  An adder skeleton (D:4)
  3 worms
  6 dart slugs
  33 orcs
  5 ball pythons
  18 endoplasms
  5 giant cockroaches
  4 goblins
  13 hobgoblins
  7 jackals
  3 quokkas
  7 bats
  6 frilled lizards
  18 kobolds
  4 rats
549 creatures vanquished.

Vanquished Creatures (collateral kills)
  3 hydras
  An oklob plant (Lair:4)
  An elephant (Lair:6)
  2 komodo dragons
  2 polar bears (Lair:6)
  A warg (Lair:6)
  5 hell hounds (Lair:6)
  4 black bears (Lair:6)
  A wolf (Lair:6)
  A bullfrog (Lair:4)
  A gnoll sergeant (Bailey)
  A gnoll shaman (Bailey)
23 creatures vanquished.

Vanquished Creatures (others)
  29 fungi
  41 plants
  8 toadstools (D:2)
78 creatures vanquished.

Grand Total: 650 creatures vanquished

Notes
Turn   | Place    | Note
-------+----------+-------------------------------------------
     0 | D:1      | DearestLeader the Gnoll Wanderer began the quest for the
                  | Orb.
     0 | D:1      | DearestLeader set off with the following items: a +0 club,
                  | a +0 robe, a scroll of teleportation, a +0 dagger; and the
                  | following spell memorised: Sting; and the following spells
                  | available to memorise: Poisonous Vapours, Passwall,
                  | Wereblood, Mephitic Cloud, Olgreb's Toxic Radiance
     0 | D:1      | Reached XP level 1. HP: 17/17 MP: 8/8
   313 | D:1      | Reached XP level 2. HP: 21/23 MP: 10/10
   478 | D:1      | Found a faded altar of an unknown god.
   824 | D:1      | Reached XP level 3. HP: 18/28 MP: 11/11
   835 | D:1      | Learned a level 3 spell: Mephitic Cloud
  1059 | D:1      | Learned a level 2 spell: Poisonous Vapours
  1477 | D:2      | Reached skill level 1 in Invocations
  1890 | D:2      | Noticed Sigmund
  1963 | D:2      | Reached skill level 1 in Short Blades
  1963 | D:2      | Reached skill level 1 in Long Blades
  1963 | D:2      | Reached skill level 1 in Axes
  1963 | D:2      | Reached skill level 1 in Polearms
  1963 | D:2      | Reached skill level 1 in Staves
  1963 | D:2      | Reached skill level 1 in Slings
  1963 | D:2      | Reached skill level 1 in Bows
  1963 | D:2      | Reached skill level 1 in Crossbows
  1963 | D:2      | Reached skill level 1 in Throwing
  1963 | D:2      | Reached skill level 1 in Dodging
  1963 | D:2      | Reached skill level 1 in Shields
  1963 | D:2      | Reached skill level 1 in Unarmed Combat
  1963 | D:2      | Reached skill level 1 in Evocations
  2028 | D:2      | Noticed Terence
  2037 | D:2      | Killed Terence
  2038 | D:2      | Reached XP level 4. HP: 34/34 MP: 4/13
  2426 | D:2      | Reached skill level 1 in Conjurations
  2426 | D:2      | Reached skill level 1 in Hexes
  2426 | D:2      | Reached skill level 1 in Summonings
  2426 | D:2      | Reached skill level 1 in Necromancy
  2426 | D:2      | Reached skill level 1 in Translocations
  2426 | D:2      | Reached skill level 1 in Transmutations
  2426 | D:2      | Reached skill level 1 in Fire Magic
  2426 | D:2      | Reached skill level 1 in Ice Magic
  2426 | D:2      | Reached skill level 1 in Air Magic
  2426 | D:2      | Reached skill level 1 in Earth Magic
  2674 | D:2      | Reached XP level 5. HP: 37/40 MP: 9/14
  2939 | D:2      | Noticed Jessica
  2947 | D:2      | Killed Jessica
  3192 | D:2      | Killed Sigmund
  3193 | D:2      | Reached XP level 6. HP: 43/47 MP: 8/16
  4474 | D:4      | Found a staircase to the Ecumenical Temple.
  4501 | D:4      | Reached XP level 7. HP: 49/52 MP: 4/18
  4613 | Temple   | Entered the Ecumenical Temple
  4677 | Temple   | Became a worshipper of Cheibriados the Contemplative
  5072 | D:4      | Reached skill level 5 in Stealth
  5153 | D:4      | Identified the +4 quarterstaff of the Valley of Death
                  | {freeze, Str+2}
  5348 | D:4      | Learned a level 4 spell: Olgreb's Toxic Radiance
  5452 | D:5      | Entered Level 5 of the Dungeon
  5489 | D:5      | Found a shadowy altar of Dithmenos.
  5490 | D:5      | Found a hazy altar of Hepliaklqana.
  5490 | D:5      | Found an iron altar of Okawaru.
  5492 | D:5      | Found a broken altar of Ashenzari.
  5492 | D:5      | Found an ancient bone altar of Kikubaaqudgha.
  5494 | D:5      | Found a hide-covered altar of Uskayaw.
  5494 | D:5      | Found a blossoming altar of Fedhas.
  5495 | D:5      | Found a basalt altar of Yredelemnul.
  5521 | D:5      | Reached * piety under Cheibriados
  5533 | D:5      | Found Zin's Purification Station.
  5535 | D:5      | Found a glowing silver altar of Zin.
  5574 | D:5      | Reached XP level 8. HP: 60/60 MP: 13/19
  5691 | D:5      | Found Gyuzxaz's Weapon Emporium.
  6666 | D:6      | Found a stormy altar of Qazlal.
  6865 | D:7      | Found a bloodstained altar of Trog.
  6885 | D:7      | Reached skill level 8 in Spellcasting
  7251 | D:7      | Found Gozag's Platinum Reserve.
  7262 | D:7      | Found an opulent altar of Gozag.
  7358 | D:7      | Reached ** piety under Cheibriados
  7607 | D:7      | Reached XP level 9. HP: 66/66 MP: 21/21
  7609 | D:7      | Learned a level 1 spell: Animate Skeleton
  7616 | D:7      | Identified the +4 scale mail "Hani Soy" {rCorr MP+9 Slay+3}
  7624 | D:7      | Reached skill level 5 in Poison Magic
  8163 | D:8      | Noticed a troll
  8186 | D:8      | Killed a troll
  8434 | D:8      | Reached skill level 5 in Fighting
  8434 | D:8      | Reached skill level 5 in Maces & Flails
  8434 | D:8      | Reached skill level 5 in Armour
  8557 | D:8      | Noticed Gastronok
  8578 | D:8      | Killed Gastronok
  8579 | D:8      | Reached skill level 5 in Short Blades
  8579 | D:8      | Reached skill level 5 in Long Blades
  8579 | D:8      | Reached skill level 5 in Axes
  8579 | D:8      | Reached skill level 5 in Polearms
  8579 | D:8      | Reached skill level 5 in Staves
  8579 | D:8      | Reached skill level 5 in Slings
  8579 | D:8      | Reached skill level 5 in Bows
  8579 | D:8      | Reached skill level 5 in Crossbows
  8579 | D:8      | Reached skill level 5 in Throwing
  8579 | D:8      | Reached skill level 5 in Dodging
  8579 | D:8      | Reached skill level 5 in Shields
  8579 | D:8      | Reached skill level 5 in Unarmed Combat
  8579 | D:8      | Reached skill level 5 in Invocations
  8579 | D:8      | Reached skill level 5 in Evocations
  8579 | D:8      | Reached XP level 10. HP: 50/76 MP: 22/22
  8667 | D:8      | Found a staircase to the Lair.
  9057 | D:8      | Found Fynyhem's Weapon Emporium.
  9428 | D:8      | Reached *** piety under Cheibriados
  9440 | D:8      | Reached skill level 9 in Spellcasting
  9814 | D:9      | Found a flagged portal.
  9830 | Bailey   | Entered a bailey
 10217 | Bailey   | Identified the +1 shadow dragon scales "Dozeseu" {SInv
                  | Stlth++++}
 10290 | Bailey   | Reached **** piety under Cheibriados
 10427 | Bailey   | Identified the +7 dagger "Xotau" {vamp, Str+6}
 11113 | D:9      | Reached XP level 11. HP: 61/83 MP: 24/24
 11823 | D:9      | Found an ornate altar of the Wu Jian Council.
 11898 | Lair:1   | Entered Level 1 of the Lair of Beasts
 12384 | Lair:1   | Reached skill level 5 in Conjurations
 12384 | Lair:1   | Reached skill level 5 in Hexes
 12384 | Lair:1   | Reached skill level 5 in Summonings
 12384 | Lair:1   | Reached skill level 5 in Necromancy
 12384 | Lair:1   | Reached skill level 5 in Translocations
 12384 | Lair:1   | Reached skill level 5 in Transmutations
 12384 | Lair:1   | Reached skill level 5 in Fire Magic
 12384 | Lair:1   | Reached skill level 5 in Ice Magic
 12384 | Lair:1   | Reached skill level 5 in Air Magic
 12384 | Lair:1   | Reached skill level 5 in Earth Magic
 12439 | Lair:1   | HP: 2/83 [komodo dragon (11)]
 12898 | Lair:1   | Reached ***** piety under Cheibriados
 13612 | Lair:2   | Found a broken altar of Ashenzari.
 13876 | Lair:2   | Noticed an eight-headed hydra
 13891 | Lair:2   | Killed an eight-headed hydra
 14663 | Lair:3   | Learned a level 4 spell: Iskenderun's Mystic Blast
 14751 | Lair:3   | Found a staircase to the Swamp.
 14758 | Lair:3   | Reached XP level 12. HP: 82/91 MP: 25/25
 14934 | Lair:3   | Reached skill level 10 in Spellcasting
 15041 | Lair:3   | Found a hole to the Spider Nest.
 15048 | Lair:3   | Noticed a death yak
 15050 | Lair:3   | Noticed a death yak
 15057 | Lair:3   | Killed a death yak
 15064 | Lair:3   | Killed a death yak
 15527 | Lair:3   | Learned a level 5 spell: Summon Mana Viper
 15552 | Lair:3   | Noticed a seven-headed hydra
 15562 | Lair:3   | Killed a seven-headed hydra
 16565 | Lair:4   | Noticed an eight-headed hydra
 16574 | Lair:4   | Killed an eight-headed hydra
 16866 | Lair:4   | Reached ****** piety under Cheibriados
 16971 | Lair:4   | Noticed a seven-headed hydra
 16978 | Lair:4   | Killed a seven-headed hydra
 17397 | Lair:5   | Reached XP level 13. HP: 98/98 MP: 27/27
 18624 | D:8      | Bought the +8 trident of the Octopus King {venom, rElec
                  | rPois Will+} for 884 gold pieces
 18624 | D:8      | Found the +8 trident of the Octopus King {venom, rElec
                  | rPois Will+}
 18924 | Lair:6   | Entered Level 6 of the Lair of Beasts
 19226 | Lair:6   | Reached skill level 11 in Spellcasting
 19761 | Lair:6   | Found a staircase to the Slime Pits.
 19962 | Lair:6   | Found a runed translucent door.
 19963 | Lair:6   | Noticed a fire dragon
 20035 | Lair:6   | Reached XP level 14. HP: 108/108 MP: 29/29
 20744 | Lair:6   | Reached skill level 10 in Stealth
 21213 | Lair:6   | Reached skill level 10 in Invocations
 21960 | D:10     | Entered Level 10 of the Dungeon
 22814 | D:10     | Found a staircase to the Orcish Mines.
 23190 | Orc:1    | Entered Level 1 of the Orcish Mines
 23365 | Orc:1    | Found a radiant altar of Vehumet.
 23685 | Orc:2    | Entered Level 2 of the Orcish Mines
 23762 | Orc:2    | Found a staircase to the Elven Halls.
 23938 | Orc:2    | Found a radiant altar of Vehumet.
 24182 | Orc:2    | Noticed an orc warlord
 24190 | Orc:2    | Mangled by an orc warlord

Illustrated notes

Levels and vault maps discovered:
D:1:      roderic_crossed_star, layout_basic, basic_ecumenical_altar,
          minmay_tetromino_o2
D:2:      cheibrodos_fertilizer, layout_basic, minmay_distorted, uniq_terence,
          uniq_jessica, uniq_sigmund
D:3:      layout_basic
D:4:      layout_basic, minmay_temple_entry_offerings
D:5:      wander_river, layout_cave_pods, grunt_temple_overflow_open,
          zin_purify, serial_shops, shop
D:6:      layout_basic, general_overflow_altar
D:7:      layout_rooms, nicolae_gozag_zags_fifth_avenue,
          trog_three_pillars_becter, amcnicky_mini_corridor_feature,
          minmay_misc_feat_encased, hex_medium
D:8:      layout_rooms, erik_lair_island, serial_shops, shop, grunt_ogre_cave,
          grunt_decor_arrowhead, minivault_11, minivault_5,
          minmay_misc_feat_pillars, uniq_gastronok
D:9:      layout_basic, nicolae_wu_jian_immortal_techniques, enter_bailey_6
D:10:     minmay_flawed_box, layout_basic, david_orc_4, special_room
          [special_room_bee]
Temple:   compressed_dpeg_triangle_lava_temple
Lair:1:   beast_lair_carwin_large_2, layout_cave_pods, grunt_megastairs_2
Lair:2:   layout_chaotic_city, basic_altar, beast_lair_carwin_6
Lair:3:   layout_regular_city, swamp_mist_pool,
          nicolae_spider_entry_non_spiders, minmay_holes, lemuel_fruit_tree
Lair:4:   layout_hall_layers, minmay_lair_drake_nest
Lair:5:   layout_roguey
Lair:6:   hangedman_lair_caniforms_friends, layout_concentric_octagons,
          wormcave, minmay_slime_entry_pillars, grunt_megastairs_5
Orc:1:    layout_caves, basic_altar, mines_bat_river
Orc:2:    st_orc_congregation, layout_diamond_mine, basic_altar

Skill      XL: |  1  2  3  4  5  6  7  8  9 10 11 12 13 14 |
---------------+-------------------------------------------+-----
Invocations    | 1 2 3 4 5 6 7 8 9 10 | 10.1
Short Blades   | 1 2 3 5 6 7 8 9 |  9.3
Long Blades    | 1 2 3 5 6 7 8 9 |  9.3
Axes           | 1 2 3 5 6 7 8 9 |  9.3
Polearms       | 1 2 3 5 6 7 8 9 |  9.3
Staves         | 1 2 3 5 6 7 8 9 |  9.3
Slings         | 1 2 3 5 6 7 8 9 |  9.3
Bows           | 1 2 3 5 6 7 8 9 |  9.3
Crossbows      | 1 2 3 5 6 7 8 9 |  9.3
Throwing       | 1 2 3 5 6 7 8 9 |  9.3
Dodging        | 1 2 3 5 6 7 8 9 |  9.3
Shields        | 1 2 3 5 6 7 8 9 |  9.3
Unarmed Combat | 1 2 3 5 6 7 8 9 |  9.3
Evocations     | 1 2 3 5 6 7 8 9 |  9.3
Conjurations   | 1 2 3 4 5 6 7 |  7.8
Hexes          | 1 2 3 4 5 6 7 |  7.8
Summonings     | 1 2 3 4 5 6 7 |  7.8
Necromancy     | 1 2 3 4 5 6 7 |  7.8
Translocations | 1 2 3 4 5 6 7 |  7.8
Transmutations | 1 2 3 4 5 6 7 |  7.8
Fire Magic     | 1 2 3 4 5 6 7 |  7.8
Ice Magic      | 1 2 3 4 5 6 7 |  7.8
Air Magic      | 1 2 3 4 5 6 7 |  7.8
Earth Magic    | 1 2 3 4 5 6 7 |  7.8
Fighting       | 3 4 5 6 7 8 9 |  9.7
Maces & Flails | 3 4 5 6 7 8 9 |  9.7
Armour         | 3 4 5 6 7 8 9 |  9.7
Poison Magic   | 4 5 6 7 8 |  8.8
Stealth        | 5 6 7 8 9 10 | 10.2
Spellcasting   | 8 9 10 11 | 11.5

Action                   |  1- 3 |  4- 6 |  7- 9 | 10-12 | 13-15 || total
-------------------------+-------+-------+-------+-------+-------++-------
Melee: Club              |    65 |       |       |       |       ||    65
       Bite              |     6 |    10 |    21 |    68 |    92 ||   197
       Whip              |     5 |   115 |    35 |       |       ||   155
       Quarterstaff      |       |       |   102 |   297 |    67 ||   466
       Short sword       |       |       |    11 |       |       ||    11
       Punch             |       |       |     1 |       |       ||     1
       Trident           |       |       |       |       |   412 ||   412
Throw: Dart              |     1 |       |     3 |       |       ||     4
 Cast: Sting             |    41 |    41 |    23 |    16 |     2 ||   123
       Poisonous Vapours |    12 |    18 |    19 |    14 |       ||    63
       Mephitic Cloud    |       |     4 |     3 |       |       ||     7
       Olgreb's Toxic Ra |       |       |     4 |    67 |    56 ||   127
       Animate Skeleton  |       |       |       |     5 |       ||     5
       Summon Mana Viper |       |       |       |    11 |    14 ||    25
       Iskenderun's Myst |       |       |       |     3 |     3 ||     6
  Use: Scroll            |       |     1 |       |    10 |     5 ||    16
       Potion            |       |       |     7 |     3 |     1 ||    11
 Stab: Sleeping          |     4 |     4 |     7 |     5 |     9 ||    29
       Confused          |       |       |     1 |       |       ||     1
       Distracted        |       |       |       |     1 |     7 ||     8
Armor: Robe              |    11 |    17 |    57 |       |       ||    85
       Scale mail        |       |       |    17 |   142 |   201 ||   360
Dodge: Dodged            |    58 |    77 |   134 |   279 |   460 ||  1008
Block: Buckler           |       |       |       |       |   177 ||   177
